 Dungeon Crawl Stone Soup version 0.30-a0-711-gf4ac18a38d (webtiles) character file.

Game seed: 12916438400958186265

29 gelatine the Firebug (level 3, -1/24 HPs)
             Began as a Demonspawn Fire Elementalist on Jan 22, 2023.
             Slain by Robin
             ... wielding a +0 spear
              (4 damage)
             ... on level 2 of the Dungeon.
             The game lasted 00:02:53 (1065 turns).

gelatine the Firebug (Demonspawn Fire Elementalist) Turns: 1065, Time: 00:02:53

Health: -1/24      AC:  2    Str:  8    XL:     3   Next: 1%
Magic:  2/6        EV: 12    Int: 18    God:
Gold:   42         SH:  0    Dex: 13    Spells: 5/6 levels left

rFire   . . .      SeeInvis .    d - +0 short sword
rCold   . . .      Faith    .    (no shield)
rNeg    . . .      Spirit   .    a - +0 robe
rPois   .          Reflect  .    (no helmet)
rElec   .          Harm     .    (no cloak)
rCorr   .          Rampage  .    (no gloves)
Will    .....                    (no boots)
Stlth   ++                       (no amulet)
HPRegen 0.24/turn                (no ring)
MPRegen 0.10/turn                (no ring)

@: no status effects
A: weakness stinger 1
a: no special abilities


You were on level 2 of the Dungeon.
You visited 1 branch of the dungeon, and saw 2 of its levels.

You collected 42 gold pieces.

Inventory:

Hand Weapons
 d - a +0 short sword (weapon)
Missiles
 c - 6 silver boomerangs
Armour
 a - a +0 robe (worn)
 f - a scarf of shadows
Scrolls
 e - a scroll of identify {unknown}
 h - a scroll of amnesia {unknown}


   Skills:
 + Level 0.1 Short Blades
 + Level 2.0 Dodging
 + Level 2.2 Stealth
 + Level 2.2 Spellcasting
 + Level 1.2 Conjurations
 + Level 3.1 Fire Magic


You had 5 spell levels left.
You knew the following spells:

 Your Spells              Type           Power      Damage    Failure   Level
a - Foxfire               Conj/Fire      36%        2x1d5     7%          1

Your spell library contained the following spells:

 Spells                   Type           Power      Damage    Failure   Level
 Scorch                   Fire           26%        2d6       8%          2
 Magic Dart               Conj           24%        1d4       11%         1
 Kiss of Death            Conj/Necr      16%        2d6       14%         1
 Call Imp                 Summ           2%         N/A       26%         2
 Inner Flame              Hex/Fire       7%         N/A       28%         3
 Kindle Blastsparks       Fire/Tloc/Air  10%        2d10      34%         3
 Mephitic Cloud           Conj/Pois/Air  3%         N/A       41%         3
 Confusing Touch          Hex            2%         N/A       47%         3
 Flame Wave               Conj/Fire      9%         2d6       56%         4
 Cause Fear               Hex            1%         N/A       87%         4
 Dispel Undead            Necr           2%         3d7       87%         4
 Dragon Form              Tmut           1%         N/A       100%        7
 Dragon's Call            Summ           1%         N/A       100%        9


Dungeon Overview and Level Annotations

Branches:
Dungeon (2/15)

Altars:

Annotations:
D:2 Robin


Innate Abilities, Weirdness & Mutations

You have a small tail.


Message History

You feel clever. x2
Magic courses through your body.
Robin hits you from afar with a +0 spear.
Things that are here:
a +0 dagger; a goblin corpse You are too injured to fight recklessly!
Casting: Foxfire (safe; 7% risk of failure)
Confirm with . or Enter, or press ? or * to list all spells.
You conjure some foxfire!
Robin closely misses you.
Casting: Foxfire (safe; 7% risk of failure)
Confirm with . or Enter, or press ? or * to list all spells.
You conjure some foxfire!
The foxfire hits Robin.
Robin is moderately wounded.
Robin hits you from afar with a +0 spear.
* * * LOW HITPOINT WARNING * * *
The foxfire hits Robin but does no damage.
Robin is moderately wounded.
The foxfire hits Robin but does no damage.
Robin is moderately wounded.
The foxfire hits Robin.
Robin is heavily wounded.
Robin throws the goblin at you! The goblin hits you but does no damage.
Casting: Foxfire (safe; 7% risk of failure)
Confirm with . or Enter, or press ? or * to list all spells.
You conjure some foxfire!
Robin throws the goblin at you! The goblin hits you with a +0 club.
* * * LOW HITPOINT WARNING * * *
It was a potion of curing.
You feel better.
The foxfire hits Robin.
Robin is severely wounded.
The foxfire hits the goblin.
The goblin is moderately wounded.
The goblin hits you with a +0 club.
* * * LOW HITPOINT WARNING * * *
The goblin hits you with a +0 dagger.
* * * LOW HITPOINT WARNING * * *
Casting: Foxfire (safe; 7% risk of failure)
Confirm with . or Enter, or press ? or * to list all spells.
You conjure some foxfire!
The goblin closely misses you. x2
Robin hits you from afar with a +0 spear.
You die...

#.# ########### #.#
#......g)v######.# #.#
#......g@vg..†...#
###'####.........########
#................#
#.....).###....###
#.......#...####
#.........### ###.##...##
#.##.### #.##[#


You could see Robin (ally target) and 2 goblins.

Vanquished Creatures
  3 endoplasms (D:1)
  4 goblins
  7 hobgoblins
  A quokka (D:2)
  3 ball pythons
  A bat (D:1)
  A frilled lizard (D:1)
  4 kobolds
  A rat (D:1)
25 creatures vanquished.

Vanquished Creatures (others)
  65 foxfires
65 creatures vanquished.

Grand Total: 90 creatures vanquished

Notes
Turn   | Place    | Note
-------+----------+-------------------------------------------
     0 | D:1      | gelatine the Demonspawn Fire Elementalist began the quest
                  | for the Orb.
     0 | D:1      | Reached XP level 1. HP: 13/13 MP: 3/3
   344 | D:1      | Gained mutation: You have a small tail. [demonic ancestry]
   344 | D:1      | Reached XP level 2. HP: 19/19 MP: 0/5
   490 | D:1      | Reached skill level 3 in Fire Magic
   752 | D:1      | Found a faded altar of an unknown god.
  1047 | D:2      | Noticed Robin
  1057 | D:2      | Reached XP level 3. HP: 13/24 MP: 1/6
  1065 | D:2      | Slain by Robin

Illustrated notes

Levels and vault maps discovered:
D:1:      lightli_arrival_chessboard, layout_loops_ring,
          shapermc_ecumenical_altar_mp_vishouse
D:2:      layout_basic, minmay_close_crescents, uniq_natasha, uniq_robin

Skill      XL: |  1  2 |
---------------+-------+-----
Stealth        | 2 |  2.2
Fire Magic     | 3 |  3.1
Dodging        | 2 |  2.0
Short Blades   | |  0.1
Spellcasting   | |  2.2
Conjurations   | |  1.2

Action                     || total
---------------------------++-------
  Melee: Short sword       ||    22
         Tailslap          ||     3
         Punch             ||     2
   Cast: Foxfire           ||    44
    Use: Potion            ||     2
   Stab: Sleeping          ||     2
 Armour: Robe              ||     4
  Dodge: Dodged            ||    22

Table legend: (Time is in decaauts)
 A = Elapsed time spent in this place.
 B = Non-inter-level travel time spent in this place.
 C = Inter-level travel time spent in this place.
 D = Time resting spent in this place.
 E = Time spent auto-exploring this place.
 F = Levels seen in this place.
 G = Mean time per level.
                   A        B        C        D        E       F      G
               +--------+--------+--------+--------+--------+-----+--------+
         Total |   1064 |   1064 |      0 |      0 |    862 |   2 |  532.0 |
       Dungeon |   1064 |   1064 |      0 |      0 |    862 |   2 |  532.0 |
               +--------+--------+--------+--------+--------+-----+--------+

Top non-repeatable levels by time:
     D:1: 797 daAuts
     D:2: 266 daAuts
